 Dungeon Crawl Stone Soup version 0.28-a0-1038-g9c4cb8273d (webtiles) character file.

Game seed: 352702008089473957

39 fragbeetle the Ruffian (level 3, -6/29 HPs)
             Began as a Draconian Transmuter on Dec 8, 2021.
             Mangled by a worm (10 damage)
             ... on level 2 of the Dungeon.
             The game lasted 00:03:10 (1038 turns).

fragbeetle the Ruffian (Draconian Transmuter)       Turns: 1038, Time: 00:03:10

Health: -6/29      AC:  5    Str: 12    XL:     3   Next: 26%
Magic:  6/6        EV: 12    Int: 15    God:
Gold:   41         SH:  0    Dex: 11    Spells: 2/6 levels left

rFire   . . .      SeeInvis .     - Unarmed
rCold   . . .      Faith    .   (no shield)
rNeg    . . .      Spirit   .   (armour unavailable)
rPois   .          Reflect  .   (helmet currently unavailable)
rElec   .          Harm     .   (no cloak)
rCorr   .          Rampage  .   (no gloves)
Will    .....                   (boots currently unavailable)
Stlth   +.........              (no amulet)
HPRegen 0.09/turn               g - ring of wizardry
MPRegen 0.10/turn               (no ring)

@: appendages (expiring)
A: horns 2, talons 2, AC +5, unfitting armour, cold-blooded
a: End Transformation


You were on level 2 of the Dungeon.
You had temporarily grown beastly horns and talons.
You visited 1 branch of the dungeon, and saw 2 of its levels.

You collected 41 gold pieces.

Inventory:

Jewellery
 g - a ring of wizardry (left hand)
Wands
 h - a wand of mindburst (21)
Scrolls
 b - a scroll of brand weapon {unknown}
 e - a scroll of teleportation {unknown}
 f - 2 scrolls of identify {unknown}
Potions
 a - a potion of curing {unknown}
 c - a potion of flight {unknown}
 d - a potion of might {unknown}


   Skills:
 * Level 1.6 Fighting
 * Level 2.3 Dodging
 + Level 3.4 Unarmed Combat
 - Level 2.0 Spellcasting
 * Level 2.5 Transmutations


You had 2 spell levels left.
You knew the following spells:

 Your Spells              Type           Power      Damage    Failure   Level
a - Beastly Appendage     Tmut           18%        N/A       3%          1
b - Spider Form           Tmut/Pois      5%         N/A       16%         3

Your spell library contained the following spells:

 Spells                   Type           Power      Damage    Failure   Level
 Wereblood                Tmut           9%         N/A       4%          2
 Ice Form                 Ice/Tmut       5%         N/A       45%         4


Dungeon Overview and Level Annotations

Branches:
Dungeon (2/15)

Altars:
Uskayaw


Innate Abilities, Weirdness & Mutations

You have temporarily grown beastly horns and talons.
Your plain brown scales are hard. (AC +5)
You cannot fit into any form of body armour.
You are cold-blooded and may be slowed by cold attacks.


Message History

You feel sick. The adder bites you.
You closely miss the adder.
Your tail-slap misses the adder.
The adder is heavily wounded.
You feel sick. The adder bites you but does no damage.
The worm barely misses you.
You closely miss the adder. You claw the adder, but do no damage.
Your headbutt misses the adder.
The adder is heavily wounded.
Your transformation is almost over.
You feel sick. The adder bites you. The adder bites you but does no damage.
You barely miss the adder.
The adder is heavily wounded.
You feel sick. The worm bites you but does no damage.
The adder closely misses you.
You hit the adder. Your kick misses the adder.
The adder is almost dead.
You feel sick. The adder completely misses you. The worm barely misses you.
You barely miss the adder. Your kick misses the adder.
Your headbutt misses the adder.
The adder is almost dead.
You feel sick. The adder completely misses you.
You miss the adder. Your headbutt misses the adder.
The adder is almost dead.
You feel sick.
You are no longer poisoned.
The adder bites you. The worm barely misses you.
You completely miss the adder.
Your tail-slap misses the adder.
The adder is almost dead.
The adder bites you.
* * * LOW HITPOINT WARNING * * *
The adder bites you.
* * * LOW HITPOINT WARNING * * *
You hit the adder but do no damage.
The adder is almost dead.
The worm barely misses you. The adder barely misses you.
Unknown command.
You closely miss the adder. You headbutt the adder.
You kill the adder!
The worm bites you!
You die...

. # .. .. S.. ##### # .# ..(.
..... .... .# #≈
...#.##.##.##.. ..# .≈
.........##.##w# ........# .≈
.).......#....@##.......... ≈≈≈
.........#.....................
.........#.._........#.#.#.#≈≈≈
.....#.#.#...........#.#...#..≈
.........#...........#......#.≈
.....#..###..#+#####.#..(....#≈
<.............................#
####.>..###.##........#.....##.
#....# #.##........#.....##.


You could see a worm.

Vanquished Creatures
  2 adders (D:2)
  A dart slug (D:2)
  An endoplasm (D:2)
  3 giant cockroaches
  4 goblins
  4 hobgoblins
  A jackal (D:1)
  4 ball pythons
  3 bats (D:1)
  A kobold (D:1)
  2 rats
26 creatures vanquished.

Notes
Turn   | Place    | Note
-------+----------+-------------------------------------------
     0 | D:1      | fragbeetle the Draconian Transmuter began the quest for the
                  | Orb.
     0 | D:1      | Reached XP level 1. HP: 16/16 MP: 3/3
   302 | D:1      | Reached XP level 2. HP: 23/23 MP: 3/5
   786 | D:2      | Found a faded altar of an unknown god.
   937 | D:2      | Reached XP level 3. HP: 27/29 MP: 4/6
   941 | D:2      | Learned a level 3 spell: Spider Form
  1015 | D:2      | Found a hide-covered altar of Uskayaw.
  1038 | D:2      | Mangled by a worm

Illustrated notes

Levels and vault maps discovered:
D:1:      arrival_zaba_pyramid, layout_rooms, hangedman_decor_push,
          minmay_tromino_v7
D:2:      layout_basic, basic_altar, shapermc_ecumenical_altar_starsandcircs,
          uniq_jessica

Skill      XL: |  1  2 |
---------------+-------+-----
Dodging        | 2 |  2.3
Fighting       | |  1.6
Unarmed Combat | |  3.4
Spellcasting   | |  2.0
Transmutations | |  2.5

Action                   || total
-------------------------++-------
Melee: Unarmed           ||    87
       Kick              ||    16
       Tailslap          ||     3
       Headbutt          ||     6
 Cast: Beastly Appendage ||    17
       Spider Form       ||     1
Armor: Skin              ||    25
Dodge: Dodged            ||    64

Table legend: (Time is in decaauts)
 A = Elapsed time spent in this place.
 B = Non-inter-level travel time spent in this place.
 C = Inter-level travel time spent in this place.
 D = Time resting spent in this place.
 E = Time spent auto-exploring this place.
 F = Levels seen in this place.
 G = Mean time per level.
                   A        B        C        D        E       F      G
               +--------+--------+--------+--------+--------+-----+--------+
         Total |   1031 |    971 |     60 |    141 |    498 |   2 |  515.5 |
       Dungeon |   1031 |    971 |     60 |    141 |    498 |   2 |  515.5 |
               +--------+--------+--------+--------+--------+-----+--------+

Top non-repeatable levels by time:
     D:1: 752 daAuts
     D:2: 279 daAuts
